 Dungeon Crawl Stone Soup version 0.22.1 (webtiles) character file.

81 topirishpotato the Insei (level 4, 0/28 HPs)
             Began as an Octopode Transmuter on Sept 18, 2018.
             Slain by a worm (9 damage)
             ... on level 3 of the Dungeon.
             The game lasted 00:04:36 (2101 turns).

topirishpotato the Insei (Octopode Transmuter)      Turns: 2101, Time: 00:04:37

Health: 0/28       AC:  1    Str:  8 (10) XL:     4   Next: 40%
Magic:  6/7        EV: 13    Int: 15 (17) God:
Gold:   47         SH:  0    Dex: 10 (12) Spells: 6/7 levels left

rFire    . . .     SeeInvis .     - Unarmed
rCold    . . .     Gourm    .   (no shield)
rNeg     . . .     Faith    .   (helmet restricted)
rPois    .         Spirit   .   (no amulet)
rElec    .         Reflect  .   d - +2 ring of intelligence
rCorr    .         Harm     .   (no ring)
MR       .....                  (no ring)
Stlth    +++.......             (no ring)
HPRegen  0.09/turn              (no ring)
MPRegen  0.10/turn              (no ring)
                                (no ring)
                                (no ring)

@: appendage
A: almost no armour, stealthy swim, amphibious, 8 rings, constrict 8, tentacle
spike 3, camouflage 1, gelatinous body 1
a: End Transformation


You were on level 3 of the Dungeon.
You were hungry.
One of your tentacles had a temporary spike.
You visited 1 branch of the dungeon, and saw 3 of its levels.

You collected 47 gold pieces.

Inventory:

Missiles
 a - 40 arrows
Jewellery
 d - a +2 ring of intelligence (left tentacle)
Scrolls
 f - a scroll of remove curse {unknown}
 g - a scroll of enchant weapon {unknown}
 h - 2 scrolls of teleportation {unknown}
 j - a scroll of amnesia {unknown}
Potions
 b - a potion of degeneration
 e - a potion of curing {unknown}
Comestibles
 c - 3 rations


   Skills:
 - Level 1.0 Fighting
 + Level 2.4 Dodging
 * Level 2.8 Stealth
 + Level 4.0 Unarmed Combat
 + Level 2.3 Spellcasting
 - Level 2.0 Transmutations


You had 6 spell levels left.
You knew the following spells:

 Your Spells              Type           Power        Failure   Level  Hunger
a - Beastly Appendage     Tmut           #.....       10%         1    #......

Your spell library contained the following spells:

 Spells                   Type           Power        Failure   Level  Hunger
 Sticks to Snakes         Tmut           #.......     14%         2    ###....
 Spider Form              Tmut/Pois      #.........   38%         3    ###....
 Ice Form                 Ice/Tmut       #.......     80%         4    #####..
 Blade Hands              Tmut           #.........   95%         5    ######.


Dungeon Overview and Level Annotations

Branches:
Dungeon (3/15)

Altars:


Innate Abilities, Weirdness & Mutations

You cannot wear most types of armour.
You are very stealthy in the water. (Stealth+)
You are amphibious.
You can wear up to eight rings at the same time.
You can use your tentacles to constrict eight enemies at once.
Your skin changes colour to match your surroundings (Stealth+).
Your rubbery body absorbs attacks. (AC +1, EV +1)
One of your tentacles bears a large vicious spike.


Message History

You tentacle-slap the worm but do no damage.
The worm is almost dead.
Your tentacle spike disappears.
You constrict the worm.
The kobold throws a stone.
The stone barely misses you.
The stone hits the worm but does no damage.
The worm bites you!
You tentacle-slap the worm.
The worm is almost dead.
You constrict the worm.
You kill the worm!
The kobold throws a stone.
The stone hits you but does no damage.
The kobold throws a stone.
The stone barely misses you. The kobold misses you.
You tentacle-slap the kobold.
You kill the kobold!
Casting: Beastly Appendage (safe; 10% risk of failure)
Confirm with . or Enter, or press ? or * to list all spells.
One of your tentacles grows a vicious spike.
The worm bites you!
You die...

############.
#.............
#....)........
#....@........
#.....w......
#.##.(.......###
#....(..........
#.##.........##
# #....(.)...#
#(.........## #
#...........#
#.#...........##


You could see a worm.

Vanquished Creatures
  2 adders (D:2)
  An ooze (D:2)
  3 worms
  A dart slug (D:1)
  2 leopard geckos
  2 bats
  A giant cockroach (D:1)
  5 goblins
  9 hobgoblins
  5 frilled lizards
  9 kobolds
  5 rats
45 creatures vanquished.

Notes
Turn   | Place    | Note
-------+----------+-------------------------------------------
     0 | D:1      | topirishpotato the Octopode Transmuter began the quest for
                  | the Orb.
     0 | D:1      | Reached XP level 1. HP: 13/13 MP: 3/3
    73 | D:1      | Reached skill level 1 in Stealth
    73 | D:1      | Reached XP level 2. HP: 12/18 MP: 5/5
   892 | D:2      | Reached XP level 3. HP: 2/23 MP: 4/6
  1315 | D:2      | HP: 1/23 [bat (1)]
  1322 | D:2      | HP: 1/23 [bat (1)]
  1711 | D:2      | Reached XP level 4. HP: 25/28 MP: 7/7
  1806 | D:2      | Reached skill level 4 in Unarmed Combat
  1813 | D:2      | HP: 1/28 [ooze (5)]
  2101 | D:3      | Slain by a worm

Skill      XL: |  1  2  3  4 |
---------------+-------------+-----
Stealth        | 1 2 |  2.8
Unarmed Combat | 4 |  4.0
Fighting       | |  1.0
Dodging        | |  2.4
Spellcasting   | |  2.3
Transmutations | |  2.0

Action                   |  1- 3 |  4- 6 || total
-------------------------+-------+-------++-------
Melee: Unarmed           |    86 |    25 ||   111
       Constrict         |    24 |     3 ||    27
       Tentacles         |    10 |     4 ||    14
       Kick              |     4 |     5 ||     9
       Punch             |     5 |       ||     5
 Cast: Beastly Appendage |     4 |     4 ||     8
  Use: Potion            |     2 |     1 ||     3
 Stab: Sleeping          |     3 |     4 ||     7
  Eat: Chunk             |     2 |     1 ||     3
Armor: Skin              |     2 |     1 ||     3
Dodge: Dodged            |    61 |    11 ||    72
